 Dungeon Crawl Stone Soup version 0.30-a0-722-g3e6e8c874d (webtiles) character file.

Game seed: 4874106754065254031

7604 Strat the Basher (level 11, 0/77 (86) HPs)
             Began as a Gnoll Reaver on Jan 27, 2023.
             Was an Initiate of Gozag.
             Slain by a spectral orc knight
             ... wielding a +0 great mace
             ... summoned by Nergalle
              (5 damage)
             ... on level 10 of the Dungeon.
             The game lasted 00:22:10 (11950 turns).

Strat the Basher (Gnoll Reaver)                    Turns: 11950, Time: 00:22:11

HP:   0/77 (86)     AC: 11    Str: 16    XL:     11   Next: 17%
MP:   1/23          EV: 16    Int: 12    God:    Gozag
Gold: 1371          SH:  0    Dex: 17    Spells: 13/26 levels left

rFire   + . .      SeeInvis .    a - +1 morningstar (freeze)
rCold   + . .      Faith    .    (no shield)
rNeg    . . .      Spirit   .    y - +0 leather armour {rC+}
rPois   .          Reflect  .    z - +2 helmet
rElec   .          Harm     .    n - +0 cloak
rCorr   .          Rampage  .    k - +0 pair of gloves
Will    .....                    u - +1 pair of boots
Stlth   +++                      (no amulet)
HPRegen 0.32/turn                A - +6 ring of dexterity
MPRegen 0.18/turn                C - ring of protection from fire

@: very slightly contaminated, heavily drained
A: fangs 1, strong nose, distributed training
a: Renounce Religion, Potion Petition, Call Merchant, Bribe Branch


You were on level 10 of the Dungeon.
You worshipped Gozag.
Gozag was most pleased with you.
You visited 2 branches of the dungeon, and saw 11 of its levels.

You collected 1470 gold pieces.
You spent 42 gold pieces at shops.
You paid 57 gold pieces to Gozag.

Inventory:

Hand Weapons
 a - a +1 morningstar of freezing (weapon)
Missiles
 c - a curare-tipped dart
Armour
 k - a +0 pair of gloves (worn)
 n - a +0 cloak (worn)
 u - a +1 pair of boots (worn)
 y - a +0 leather armour of cold resistance (worn)
 z - a +2 helmet (worn)
Jewellery
 j - a ring of flight
 A - a +6 ring of dexterity (left hand)
 C - a ring of protection from fire (right hand)
 D - a ring of resist corrosion
Wands
 b - a wand of mindburst (24)
 h - a wand of flame (30)
 i - a wand of charming (18)
 l - a wand of roots (19)
 m - a wand of digging (16)
Scrolls
 B - a scroll of teleportation
Potions
 d - 3 potions of curing
 e - a potion of ambrosia
 f - 3 potions of lignification
 g - a potion of magic
 o - 2 potions of flight
 p - a potion of mutation {unknown}
 q - a potion of might
 r - a potion of heal wounds
 s - a potion of haste
 t - a potion of resistance {unknown}
 v - a potion of attraction {unknown}
 w - a potion of degeneration {unknown}
 x - 3 potions of brilliance {unknown}


   Skills:
 + Level 7.8 Fighting
 + Level 6.2 Short Blades
 + Level 6.2 Long Blades
 + Level 6.2 Axes
 + Level 9.1 Maces & Flails
 + Level 6.2 Polearms
 + Level 6.2 Staves
 + Level 6.2 Ranged Weapons
 + Level 6.2 Throwing
 + Level 6.2 Armour
 + Level 7.8 Dodging
 + Level 6.2 Stealth
 + Level 6.2 Shields
 + Level 6.2 Unarmed Combat
 + Level 8.1 Spellcasting
 + Level 7.6 Conjurations
 + Level 5.2 Hexes
 + Level 5.2 Summonings
 + Level 5.2 Necromancy
 + Level 5.2 Translocations
 + Level 5.2 Transmutations
 + Level 5.2 Fire Magic
 + Level 5.2 Ice Magic
 + Level 5.2 Air Magic
 + Level 5.2 Earth Magic
 + Level 5.2 Poison Magic
 + Level 6.9 Invocations
 + Level 6.2 Evocations


You had 13 spell levels left.
You knew the following spells:

 Your Spells              Type           Power      Damage    Failure   Level
a - Kiss of Death         Conj/Necr      80%        2d11      1%          1
b - Momentum Strike       Conj/Tloc      40%        3d9       1%          2
c - Hailstorm             Conj/Ice       20%        3d6       3%          3
d - Manifold Assault      Tloc           17%        N/A       21%         4
e - Summon Guardian Gole  Hex/Summ       17%        N/A       6%          3

Your spell library contained the following spells:

 Spells                   Type           Power      Damage    Failure   Level
 Necrotise                Necr           68%        1d7       1%          1
 Cigotuvi's Dreadful Rot  Necr/Pois/Air  34%        N/A       3%          2
 Ignite Poison            Fire/Tmut/Pois 17%        N/A       6%          3
 Kindle Blastsparks       Fire/Tloc/Air  34%        2d12      6%          3
 Vampiric Draining        Necr           17%        2d7       6%          3
 Freezing Cloud           Conj/Ice/Air   9%         6-21      38%         5
 Agony                    Necr           17%        N/A       50%         5
 Borgnjor's Vile Clutch   Necr/Erth      8%         N/A       50%         5
 Dispersal                Tloc           8%         N/A       97%         6
 Orb of Destruction       Conj           11%        9d6       99%         7
 Spellforged Servitor     Conj/Summ      10%        N/A       100%        7
 Disjunction              Tloc           8%         N/A       100%        8


Dungeon Overview and Level Annotations

Branches:
Dungeon (10/15)            Temple (1/1) D:4             Orc (0/2) D:9
   Lair: D:8-11

Altars:
Ashenzari
Cheibriados
Dithmenos
Elyvilon
Fedhas
Gozag
Hepliaklqana
Kikubaaqudgha
Makhleb
Nemelex Xobeh
Okawaru
Qazlal
Ru
Sif Muna
Trog
Uskayaw
Vehumet
Wu Jian
Xom
Yredelemnul
The Shining One

Shops:
D:2 (   D:3 *=(??   D:6 (

Annotations:
D:9 Erica
D:10 Fannar, Nergalle


Innate Abilities, Weirdness & Mutations

You have very sharp teeth.
Your uncanny sense of smell can sniff out nearby items.
Your experience applies equally to all skills.


Message History

The spectral orc warrior closely misses you.
Nergalle points at you and mumbles some strange words.
Orcish apparitions take form around you.
You puncture Nergalle! You freeze Nergalle.
Nergalle is almost dead.
The spectral orc warrior hits you but does no damage.
The spectral orc warrior barely misses you.
Nergalle shouts, "Kill, kill, my pretties!"
Nergalle hits you with a +0 dagger.
You hit Nergalle. You freeze Nergalle. You bite Nergalle, but do no damage.
Nergalle is almost dead.
The spectral orc warrior barely misses you.
The spectral orc warrior closely misses you.
Nergalle hits you but does no damage.
The spectral orc knight closely misses you.
You hit Nergalle but do no damage. Your bite misses Nergalle.
Nergalle is almost dead.
The spectral orc warrior hits you but does no damage.
The spectral orc warrior misses you. Nergalle closely misses you.
The spectral orc knight closely misses you.
You hit Nergalle. You freeze Nergalle.
Nergalle is almost dead.
The spectral orc warrior completely misses you.
The spectral orc warrior hits you but does no damage.
Nergalle barely misses you.
The spectral orc knight hits you with a +0 great mace!!
* * * LOW HITPOINT WARNING * * *
You feel drained.
* * * LOW HITPOINT WARNING * * *
You closely miss Nergalle. Your punch misses Nergalle.
Nergalle is almost dead.
The spectral orc warrior hits you with a +0 hand axe.
* * * LOW HITPOINT WARNING * * *
The spectral orc warrior hits you but does no damage.
Nergalle casts a spell at you. The bolt of negative energy hits you!!
You feel drained.
* * * LOW HITPOINT WARNING * * *
The spectral orc knight hits you with a +0 great mace.
You die...
Your body crumbles into a pile of gold.

.
.........#...#.####.o8.#
.
.............#.........#
.
.............#...8.8.8.#
.
.............Z.........#
..................###.##
..../........##Z......#
.##..............########
. .............o##.#
###.....#.......@Z.##
..#.....###...#ZZ...#
..............##....#
.......#...##......##
##....##......#..###
.#............#.##
.#............###
...............#
##.....#..#....#


You could see Nergalle, 2 spectral orc warriors and a spectral orc knight
(summoned).

Vanquished Creatures
  A two-headed ogre (D:9)
  A komodo dragon (D:8)
  Psyche (D:8)
  2 trolls
  Prince Ribbit (D:6)
  Sigmund (D:2)
  12 yaks
  An acid dragon (D:9)
  Duvessa (D:7)
  2 ice beasts
  2 water moccasins (D:5)
  3 orc warriors
  A sky beast (D:7)
  3 black bears
  An ogre (D:7)
  3 centaurs
  A phantom (D:6)
  A kobold brigand (D:9)
  A scorpion (D:4)
  A necrophage (D:5)
  13 wights
  9 killer bees
  Dowan (D:7)
  An electric eel (D:6)
  4 howler monkeys
  4 hounds
  6 orc priests
  A gnoll bouda (D:8)
  A jelly (D:7)
  Crazy Yiuf (D:2)
  2 iguanas (D:4)
  4 orc wizards
  Robin (D:2)
  5 gnolls (D:8)
  10 adders
  2 shadow imps
  A white imp (D:6)
  An ufetubus (D:5)
  3 worms
  4 dart slugs
  25 orcs
  6 bats
  10 endoplasms
  4 giant cockroaches
  15 goblins
  8 hobgoblins
  2 jackals (D:4)
  A quokka (D:1)
  6 ball pythons
  A frilled lizard (D:2)
  12 kobolds
  4 rats
208 creatures vanquished.

Notes
Turn   | Place    | Note
-------+----------+-------------------------------------------
     0 | D:1      | Strat the Gnoll Reaver began the quest for the Orb.
     0 | D:1      | Reached XP level 1. HP: 20/20 MP: 6/6
    81 | D:1      | Reached XP level 2. HP: 21/26 MP: 7/7
   112 | D:1      | Learned a level 2 spell: Momentum Strike
   375 | D:1      | Reached skill level 5 in Spellcasting
   375 | D:1      | Reached XP level 3. HP: 13/31 MP: 7/9
   695 | D:1      | Reached skill level 1 in Invocations
   862 | D:2      | Found Waskieg's Weapon Boutique.
   888 | D:2      | Reached skill level 1 in Short Blades
   888 | D:2      | Reached skill level 1 in Long Blades
   888 | D:2      | Reached skill level 1 in Axes
   888 | D:2      | Reached skill level 1 in Polearms
   888 | D:2      | Reached skill level 1 in Staves
   888 | D:2      | Reached skill level 1 in Ranged Weapons
   888 | D:2      | Reached skill level 1 in Throwing
   888 | D:2      | Reached skill level 1 in Armour
   888 | D:2      | Reached skill level 1 in Stealth
   888 | D:2      | Reached skill level 1 in Shields
   888 | D:2      | Reached skill level 1 in Unarmed Combat
   888 | D:2      | Reached skill level 1 in Evocations
  1116 | D:2      | Reached XP level 4. HP: 38/38 MP: 11/11
  1120 | D:2      | Learned a level 3 spell: Hailstorm
  1151 | D:2      | Found a faded altar of an unknown god.
  1189 | D:2      | Noticed Sigmund
  1209 | D:2      | Reached skill level 1 in Hexes
  1209 | D:2      | Reached skill level 1 in Summonings
  1209 | D:2      | Reached skill level 1 in Necromancy
  1209 | D:2      | Reached skill level 1 in Translocations
  1209 | D:2      | Reached skill level 1 in Transmutations
  1209 | D:2      | Reached skill level 1 in Fire Magic
  1209 | D:2      | Reached skill level 1 in Ice Magic
  1209 | D:2      | Reached skill level 1 in Air Magic
  1209 | D:2      | Reached skill level 1 in Earth Magic
  1209 | D:2      | Reached skill level 1 in Poison Magic
  1218 | D:2      | Killed Sigmund
  1219 | D:2      | Reached XP level 5. HP: 21/43 MP: 3/12
  1219 | D:2      | Reached XP level 6. HP: 24/50 MP: 3/14
  1519 | D:2      | Found a glowing golden altar of the Shining One.
  1534 | D:2      | Reached skill level 5 in Fighting
  1534 | D:2      | Reached skill level 5 in Dodging
  1592 | D:2      | Noticed Robin
  1620 | D:2      | Killed Robin
  1750 | D:2      | Learned a level 4 spell: Manifold Assault
  1842 | D:2      | Found a runed translucent door.
  1843 | D:2      | Noticed Crazy Yiuf
  1851 | D:2      | Killed Crazy Yiuf
  2173 | D:3      | Found Ralubow's Magic Scroll Emporium.
  2181 | D:3      | Bought a scroll of teleportation for 42 gold pieces
  2195 | D:3      | Found Ilouloyck's Weapon Boutique.
  2335 | D:3      | Found Kexkol's Jewellery Shop.
  2606 | D:3      | Found Xiahyino's Magic Scroll Shoppe.
  2696 | D:3      | Found Keanyov's Assorted Antiques.
  2781 | D:4      | Found a staircase to the Ecumenical Temple.
  2854 | Temple   | Entered the Ecumenical Temple
  2941 | Temple   | Became a worshipper of Gozag Ym Sagoz the Greedy
  3561 | D:4      | Reached skill level 7 in Maces & Flails
  3561 | D:4      | Reached XP level 7. HP: 51/56 MP: 12/15
  3590 | D:4      | Got Cigotuvi's Elucidation of the Amorphous Mortuary
  4353 | D:5      | Entered Level 5 of the Dungeon
  5105 | D:5      | Reached XP level 8. HP: 51/63 MP: 16/16
  5480 | D:5      | Found a stormy altar of Qazlal.
  5556 | D:5      | Found a glowing golden altar of the Shining One.
  5975 | D:6      | Found Olaiw's Antique Weapon Shop.
  6087 | D:6      | Noticed a troll
  6109 | D:6      | Killed a troll
  6409 | D:6      | Reached XP level 9. HP: 46/67 MP: 18/18
  6737 | D:6      | Noticed Prince Ribbit
  6763 | D:6      | Killed Prince Ribbit
  7444 | D:7      | Noticed Dowan
  7604 | D:7      | Reached skill level 8 in Maces & Flails
  7778 | D:7      | Found an ornate altar of the Wu Jian Council.
  7930 | D:7      | Learned a level 3 spell: Summon Guardian Golem
  8141 | D:7      | Noticed Duvessa
  8158 | D:7      | Killed Duvessa
  8159 | D:7      | Reached skill level 5 in Invocations
  8191 | D:7      | Found an iron altar of Okawaru.
  8194 | D:7      | Killed Dowan
  8868 | D:8      | Noticed a troll
  8874 | D:8      | Killed a troll
  8875 | D:8      | Reached skill level 5 in Short Blades
  8875 | D:8      | Reached skill level 5 in Long Blades
  8875 | D:8      | Reached skill level 5 in Axes
  8875 | D:8      | Reached skill level 5 in Polearms
  8875 | D:8      | Reached skill level 5 in Staves
  8875 | D:8      | Reached skill level 5 in Ranged Weapons
  8875 | D:8      | Reached skill level 5 in Throwing
  8875 | D:8      | Reached skill level 5 in Armour
  8875 | D:8      | Reached skill level 5 in Stealth
  8875 | D:8      | Reached skill level 5 in Shields
  8875 | D:8      | Reached skill level 5 in Unarmed Combat
  8875 | D:8      | Reached skill level 5 in Evocations
  8875 | D:8      | Reached XP level 10. HP: 71/77 MP: 15/20
  8932 | D:8      | Noticed Psyche
  8947 | D:8      | Killed Psyche
 10196 | D:8      | Identified the +0 leather armour of the Other Side {rCorr
                  | Int+3}
 10239 | D:9      | Found a radiant altar of Vehumet.
 10397 | D:9      | Found a staircase to the Orcish Mines.
 10437 | D:9      | Noticed a two-headed ogre
 10521 | D:9      | Found a basalt altar of Yredelemnul.
 10522 | D:9      | Found a hazy altar of Hepliaklqana.
 10523 | D:9      | Found a burning altar of Makhleb.
 10542 | D:9      | Noticed Erica
 10912 | D:9      | Found a broken altar of Ashenzari.
 10986 | D:9      | Reached skill level 9 in Maces & Flails
 10991 | D:9      | Reached skill level 5 in Hexes
 10991 | D:9      | Reached skill level 5 in Summonings
 10991 | D:9      | Reached skill level 5 in Necromancy
 10991 | D:9      | Reached skill level 5 in Translocations
 10991 | D:9      | Reached skill level 5 in Transmutations
 10991 | D:9      | Reached skill level 5 in Fire Magic
 10991 | D:9      | Reached skill level 5 in Ice Magic
 10991 | D:9      | Reached skill level 5 in Air Magic
 10991 | D:9      | Reached skill level 5 in Earth Magic
 10991 | D:9      | Reached skill level 5 in Poison Magic
 10993 | D:9      | Reached XP level 11. HP: 44/85 MP: 2/22
 11669 | D:9      | Killed a two-headed ogre
 11822 | D:10     | Entered Level 10 of the Dungeon
 11848 | D:10     | Noticed Fannar
 11917 | D:10     | Noticed Nergalle
 11950 | D:10     | Slain by a spectral orc knight

Illustrated notes

Levels and vault maps discovered:
D:1:      roderic_octagonal_star, layout_rooms
D:2:      layout_basic, basic_altar, nicolae_ecumenical_snake_handling,
          serial_shops, shop_fountains, uniq_sigmund, uniq_robin,
          uniq_crazy_yiuf_cottage
D:3:      layout_loops_ring, serial_shops,
          nicolae_shop_temple_entry_statues_fountains, shop, shop_fountains,
          nicolae_shop_hallway_stairs, nicolae_shop_bloodbath_and_beyond
D:4:      layout_basic, temple_pool_b, nrook_loot_triangle
D:5:      layout_loops_corners, nicolae_tso_swordbearing_angel,
          nicolae_qazlal_scattered_showers, kennysheep_generic_room_13
D:6:      layout_loops_ring, serial_shops, shop_fountains, water_maze_lemuel,
          uniq_prince_ribbit1
D:7:      layout_gridville, nicolae_wu_jian_wuxing_cycle,
          mainiacjoe_overflow_six_doors_small, uniq_duvessa
D:8:      layout_loops_ring, small_chamber_with_monster, eino_tiny_chamber,
          uniq_psyche
D:9:      layout_grid_maze, fiery_altar_vehumet, ashenzari_altar_1,
          chequers_temple_overflow_statue_of_worship, orc_0_dummy, uniq_erica
D:10:     layout_cave_pools, marbit_many_paths, serial_column_ruins,
          column_ruins_hut, column_ruins_hut, column_ruins_grid_2,
          column_ruins_grid_3, column_ruins_grid_1, column_ruins_columns_corner,
          column_ruins_columns_straight, uniq_fannar, uniq_maggie, uniq_snorg,
          uniq_nergalle, uniq_urug
Temple:   nicolae_temple_godzebo

Skill      XL: |  1  2  3  4  5  6  7  8  9 10 11 |
---------------+----------------------------------+-----
Spellcasting   | 5 6 7 8 |  8.1
Invocations    | 1 2 3 4 5 6 |  6.9
Short Blades   | 1 2 3 5 6 |  6.2
Long Blades    | 1 2 3 5 6 |  6.2
Axes           | 1 2 3 5 6 |  6.2
Polearms       | 1 2 3 5 6 |  6.2
Staves         | 1 2 3 5 6 |  6.2
Ranged Weapons | 1 2 3 5 6 |  6.2
Throwing       | 1 2 3 5 6 |  6.2
Armour         | 1 2 3 5 6 |  6.2
Stealth        | 1 2 3 5 6 |  6.2
Shields        | 1 2 3 5 6 |  6.2
Unarmed Combat | 1 2 3 5 6 |  6.2
Evocations     | 1 2 3 5 6 |  6.2
Hexes          | 1 2 3 4 5 |  5.2
Summonings     | 1 2 3 4 5 |  5.2
Necromancy     | 1 2 3 4 5 |  5.2
Translocations | 1 2 3 4 5 |  5.2
Transmutations | 1 2 3 4 5 |  5.2
Fire Magic     | 1 2 3 4 5 |  5.2
Ice Magic      | 1 2 3 4 5 |  5.2
Air Magic      | 1 2 3 4 5 |  5.2
Earth Magic    | 1 2 3 4 5 |  5.2
Poison Magic   | 1 2 3 4 5 |  5.2
Fighting       | 5 6 7 |  7.8
Dodging        | 5 6 7 |  7.8
Maces & Flails | 7 8 9 |  9.1
Conjurations   | 6 7 |  7.6

Action                     |  1- 3 |  4- 6 |  7- 9 | 10-12 || total
---------------------------+-------+-------+-------+-------++-------
  Melee: Mace              |   129 |   142 |   198 |       ||   469
         Bite              |     6 |    14 |    37 |    25 ||    82
         Punch             |       |     1 |     7 |     9 ||    17
         Morningstar       |       |       |   146 |   266 ||   412
   Cast: Momentum Strike   |       |     3 |    25 |     5 ||    33
         Kiss of Death     |       |     2 |     5 |     1 ||     8
         Hailstorm         |       |     1 |     2 |       ||     3
         Manifold Assault  |       |       |       |    29 ||    29
         Summon Guardian G |       |       |       |     1 ||     1
  Evoke: Wand              |       |       |     8 |     5 ||    13
    Use: Potion            |       |     1 |     2 |     2 ||     5
         Scroll            |       |       |    14 |     5 ||    19
   Stab: Sleeping          |       |     1 |     2 |     2 ||     5
 Armour: Leather armour    |    45 |    35 |   142 |   100 ||   322
  Dodge: Dodged            |   104 |    95 |   249 |   195 ||   643

Table legend: (Time is in decaauts)
 A = Elapsed time spent in this place.
 B = Non-inter-level travel time spent in this place.
 C = Inter-level travel time spent in this place.
 D = Time resting spent in this place.
 E = Time spent auto-exploring this place.
 F = Levels seen in this place.
 G = Mean time per level.
                   A        B        C        D        E       F      G
               +--------+--------+--------+--------+--------+-----+--------+
         Total |  12001 |  11703 |    298 |   2890 |   6062 |  11 | 1091.0 |
       Dungeon |  11885 |  11615 |    270 |   2890 |   6025 |  10 | 1188.5 |
        Temple |    116 |     88 |     28 |      0 |     37 |   1 |  116.0 |
               +--------+--------+--------+--------+--------+-----+--------+

Top non-repeatable levels by time:
     D:5: 1854 daAuts
     D:8: 1594 daAuts
     D:9: 1577 daAuts
     D:4: 1477 daAuts
     D:6: 1292 daAuts
     D:2: 1278 daAuts
     D:7: 1181 daAuts
     D:3: 780 daAuts
     D:1: 720 daAuts
    D:10: 129 daAuts
  Temple: 116 daAuts
